Map: [ESL] Post-Youth

Players

Stats

  • Race: Protoss Protoss
  • Spawn Location: 1:00

ByuN - Winner!

  • Race: Terran Terran
  • Spawn Location: 7:00

Event: ESL Spring 2024 Finals

VOD

Have the link to the VOD?

Description

Time

  • Played on: June 1, 2024, 1:18 p.m.
  • Length: 9:04

All games in this series

Show
View Real Time Build Order
Export as new Build Order

Stats Protoss 

Build Orders: 1 Gate Expand, Phoenix Opening, Blink Stalkers, Colossus Rush 

Get SALT Encoding   

  12  0:00  Probe  
  13  0:12  Probe  
  14  0:18  Pylon  
  14  0:24  Probe (Chrono Boost)  
  15  0:37  Gateway, Probe (Chrono Boost)  
  16  0:45  Probe (Chrono Boost)  
  16  0:46  Assimilator  
  17  0:51  Probe  
  18  1:03  Probe  
  19  1:20  Nexus  
  19  1:29  Cybernetics Core  
  19  1:32  Probe  
  20  1:37  Assimilator  
  20  1:44  Probe  
  21  1:50  Pylon  
  21  1:56  Probe  
  22  2:05  Stalker (Chrono Boost)  
  22  2:06  Warp Gate  
  24  2:08  Probe  
  25  2:21  Probe (Chrono Boost)  
  26  2:28  Sentry  
  28  2:32  Probe (Chrono Boost)  
  28  2:34  Probe (Chrono Boost)  
  30  2:41  Twilight Council, Probe (Chrono Boost)  
  30  2:42  Probe (Chrono Boost)  
  32  2:46  Probe (Chrono Boost)  
  32  2:48  Probe  
  34  2:53  Stalker  
  36  2:58  Probe  
  36  3:00  Probe, Phoenix  
  36  3:03  Gateway  
  38  3:10  Probe  
  38  3:11  Blink (Chrono Boost)  
  38  3:12  Probe  
  40  3:13  Pylon  
  40  3:23  Probe  
  40  3:24  Probe  
  42  3:30  Assimilator  
  42  3:31  Assimilator  
  42  3:34  Robotics Facility  
  42  3:35  Probe  
  42  3:36  Probe  
  42  3:39  Gateway  
  44  3:47  Probe  
  45  3:48  Probe  
  46  4:00  Stalker x2  
  46  4:02  Pylon  
  50  4:08  Probe x2  
  44  4:24  Stalker  
  44  4:25  Stalker  
  44  4:32  Probe x2  
  44  4:35  Observer  
  45  4:42  Robotics Bay  
  45  4:44  Probe x2  
  47  4:50  Shield Battery, Nexus  
  47  4:54  Pylon  
  47  4:56  Observer, Probe x2 (Chrono Boost)  
  50  5:01  Forge  
  50  5:08  Probe (Chrono Boost)  
  50  5:10  Probe (Chrono Boost)  
  52  5:15  Probe x2 (Chrono Boost)  
  54  5:22  Probe  
  54  5:24  Probe  
  54  5:26  Charge, Colossus (Chrono Boost)  
  56  5:34  Probe  
  56  5:35  Extended Thermal Lance  
  63  5:36  Probe  
  63  5:39  Shield Battery  
  63  5:42  Protoss Ground Weapons Level 1  
  64  5:49  Probe x2  
  66  5:54  Gateway  
  66  5:56  Gateway  
  66  6:06  Gateway  
  66  6:07  Pylon x2  
  66  6:08  Pylon  
  66  6:12  Pylon  
  66  6:14  Pylon  
  66  6:21  Colossus (Chrono Boost)  
  72  6:26  Shield Battery  
  72  6:29  Sentry x3  
  78  6:41  Nexus  
  78  6:43  Probe x2  
  78  6:47  Pylon  
  74  7:03  Probe x2  
  75  7:12  Observer  
  75  7:15  Probe x2 (Chrono Boost)  
  78  7:16  Templar Archives  
  78  7:19  Zealot x3  
  84  7:27  Probe x2 (Chrono Boost)  
  84  7:29  Zealot x2  
  90  7:34  Probe x2 (Chrono Boost)  
  92  7:37  Stalker  
  82  7:54  Zealot x4  
  85  8:08  Nexus  
  85  8:12  High Templar x2  
  83  8:25  Probe x2  
  85  8:32  Shield Battery, Observer  
  85  8:34  Pylon  
  85  8:36  High Templar, Photon Cannon  
  85  8:38  High Templar  
  89  8:43  Probe x2  
  91  8:53  Zealot  
  91  8:54  Zealot x2  
  97  8:59  Archon  
Show
View Real Time Build Order
Export as new Build Order

ByuN Terran - Winner!

Build Orders: Gas First Reaper Expand 

Get SALT Encoding   

  12  0:00  SCV  
  13  0:12  SCV  
  14  0:17  Supply Depot  
  14  0:24  SCV  
  15  0:29  Refinery  
  15  0:38  SCV  
  16  0:45  Barracks  
  16  0:51  SCV  
  17  1:03  SCV  
  18  1:15  SCV  
  19  1:31  Orbital Command, Reaper  
  20  1:44  Command Center  
  20  1:55  Factory  
  20  1:58  SCV  
  21  2:06  Barracks Reactor  
  21  2:07  Refinery  
  21  2:10  SCV  
  22  2:16  Supply Depot  
  22  2:22  SCV  
  23  2:37  SCV  
  23  2:40  Starport  
  23  2:43  Marine x2, Widow Mine  
  28  2:50  SCV  
  29  2:57  Orbital Command  
  29  3:02  SCV  
  29  3:04  Marine x2  
  32  3:08  Widow Mine  
  34  3:14  SCV  
  34  3:16  Medivac  
  37  3:22  Marine x2  
  37  3:24  SCV  
  37  3:26  SCV  
  41  3:29  Factory Tech Lab  
  41  3:33  Supply Depot  
  41  3:36  SCV  
  41  3:38  SCV  
  41  3:40  Marine x2  
  45  3:48  SCV  
  45  3:52  Supply Depot  
  45  3:54  Factory Tech Lab  
  45  3:55  SCV  
  47  3:59  Raven, Marine x2  
  47  4:01  SCV  
  52  4:09  SCV  
  53  4:13  SCV  
  53  4:16  Barracks  
  53  4:21  SCV, Marine x2  
  54  4:25  SCV, Siege Tank  
  54  4:34  SCV  
  54  4:37  SCV  
  54  4:38  Refinery  
  52  4:39  Marine x2  
  52  4:40  Engineering Bay  
  52  4:43  Starport Reactor  
  54  4:46  SCV  
  54  4:49  Supply Depot, SCV  
  54  4:50  Barracks  
  56  4:56  Marine  
  56  4:57  Siege Tank, Marine  
  56  4:58  SCV  
  62  5:08  Terran Infantry Weapons Level 1  
  62  5:10  SCV x2, Refinery  
  62  5:12  Stimpack  
  62  5:14  Supply Depot  
  64  5:15  Supply Depot  
  64  5:17  Marauder  
  64  5:18  Marine x2  
  68  5:27  SCV x2  
  70  5:36  Marine x2  
  70  5:38  Marauder  
  74  5:43  Factory Reactor  
  74  5:45  Barracks  
  74  5:47  Barracks  
  74  5:49  Command Center  
  74  5:54  Marauder  
  76  5:59  Marauder  
  76  6:01  SCV x2  
  76  6:02  Supply Depot  
  80  6:04  Marine  
  80  6:06  Marine  
  80  6:07  Combat Shield  
  82  6:15  Marauder  
  82  6:16  SCV x2  
  86  6:24  Marauder, Medivac x2  
  92  6:29  Supply Depot  
  92  6:30  SCV  
  93  6:34  Barracks Reactor  
  93  6:35  Marine  
  93  6:37  Barracks Reactor  
  94  6:40  Barracks Tech Lab  
  94  6:41  Supply Depot  
  94  6:51  Supply Depot, SCV x2, Marine, Widow Mine x2  
  94  6:52  Concussive Shells  
  101  6:59  Marine  
  101  7:00  Marine, Marauder x2  
  107  7:03  SCV  
  107  7:06  Medivac x2  
  107  7:07  SCV  
  114  7:10  Orbital Command  
  113  7:18  Marauder  
  113  7:20  Marine x4  
  113  7:21  Widow Mine  
  113  7:22  Marauder x2  
  125  7:40  Marauder  
  125  7:43  Marauder x2  
  125  7:44  Marine x3  
  120  7:57  Widow Mine x2  
  68  7:58  Medivac x2  
  120  8:00  SCV  
  120  8:01  SCV x2, Marauder  
  120  8:03  Supply Depot  
  120  8:05  Marauder x2  
  129  8:08  Marine x2  
  124  8:22  Marauder  
  124  8:24  Refinery  
  124  8:25  Supply Depot, Refinery  
  124  8:26  SCV x2, Marauder x2  
  132  8:27  Supply Depot  
  132  8:28  SCV, Viking x2  
  132  8:30  Marine x4  
  141  8:46  Supply Depot, SCV x2  
  141  8:47  Supply Depot  
Tags
 
Add a new tag
Caveats
  • Supply blocks, unpowered buildings, or Contaminate may cause inaccurate times.
  • Supply counts are checked every 10 seconds.